 Dungeon Sprint DCSS version 0.21-a0-278-ga722497 (webtiles) character file.

8725 potatolord6000 the Warrior (level 11, -1/114 HPs)
             Began as a Minotaur Fighter on Sept 22, 2017.
             Was the Champion of Cheibriados.
             Slain by an orc knight
             ... wielding a +0 great sword
              (23 damage)
             ... in the Dungeon (Sprint IX: "|||||||||||||||||||||||||||||").
             The game lasted 00:03:45 (1286 turns).

potatolord6000 the Warrior (Minotaur Fighter)       Turns: 1286, Time: 00:03:45

Health: -1/114     AC: 16    Str: 48    XL:     11   Next: 13%
Magic:  10/10      EV: 10    Int: 23    God:    Cheibriados [******]
Gold:   666        SH: 19    Dex: 25    Spells: 10/10 levels left

rFire    . . .     SeeInvis .   n - +1 broad axe of Embarrassment {chop, +Fly rN+ Str+3 Int+3}
rCold    . . .     Gourm    .   c - +1 shield
rNeg     + . .     Faith    .   p - +1 scale mail
rPois    .         Spirit   .   (helmet restricted)
rElec    .         Reflect  .   x - +0 cloak
rCorr    .         Harm     .   o - +0 pair of gloves
MR       .....     NoTele   +   a - +0 pair of boots
Stlth    +.........             (no amulet)
HPRegen  0.29/turn              b - +3 ring of strength
MPRegen  0.12/turn              q - +3 ring of strength

@: very slightly contaminated, invisible (expiring), very slow
A: retaliatory headbutt, horns 2
a: Bend Time, Temporal Distortion, Slouch, Step From Time, Renounce Religion,
Evoke Flight


You were in the Dungeon.
You worshipped Cheibriados.
Cheibriados was exalted by your worship.
You were completely stuffed.

You visited 1 branch You collected 666 gold pieces.

Inventory:

Hand Weapons
 n - the +1 broad axe of Embarrassment (weapon) {chop, +Fly rN+ Str+3 Int+3}
   (You found it in the Dungeon)

   It inflicts extra damage upon your enemies.
   It affects your strength (+3).
   It affects your intelligence (+3).
   It protects you from negative energy.
   It lets you fly.
Armour
 a - a +0 pair of boots (worn)
 c - a +1 shield (worn)
 o - a +0 pair of gloves (worn)
 p - a +1 scale mail (worn)
 x - a +0 cloak (worn)
Jewellery
 b - a +3 ring of strength (left hand)
 q - a +3 ring of strength (right hand)
Scrolls
 k - 3 scrolls of blinking
 l - 3 scrolls of remove curse
 m - 2 scrolls of amnesia
 s - a scroll of identify
 t - 2 scrolls of fog
 u - 4 scrolls of enchant weapon
Potions
 d - a potion of might
 e - 6 potions of curing
 g - 5 potions of heal wounds
 i - 4 potions of magic
 j - 2 potions of berserk rage
 r - 2 potions of brilliance
Comestibles
 f - 13 bread rations
 v - 40 fruits
 w - 10 meat rations


   Skills:
 + Level 16.0 Fighting
 + Level 15.7 Axes
 + Level 15.9 Armour
 + Level 16.0 Shields


You had 10 spell levels left.
You didn't know any spells.

Dungeon Overview and Level Annotations

Branches:
Dungeon (1/1)

Altars:
Cheibriados
Dithmenos
Elyvilon
Fedhas
Gozag
Hepliaklqana
Kikubaaqudgha
Makhleb
Nemelex Xobeh
Okawaru
Qazlal
Ru
Sif Muna
Trog
Uskayaw
Vehumet
Wu Jian
Xom
Yredelemnul
Zin
The Shining One
Beogh
Jiyva
Lugonu


Innate Abilities, Weirdness & Mutations

You reflexively headbutt those who attack you in melee.
You have a pair of horns on your head.


Message History

Unknown command.
You closely miss the orc knight. You headbutt the orc knight.
The orc knight is moderately wounded.
The orc knight hits you with a great sword.
Unknown command.
You hit the orc knight but do no damage.
You headbutt the orc knight!!
The orc knight is heavily wounded.
The orc knight hits you with a great sword!!
* * * LOW HITPOINT WARNING * * *
You catch the helpless orc knight completely off-guard!
You hit the orc knight.
The orc knight is severely wounded.
You flicker for a moment.
Unknown command.
You hit the orc knight but do no damage.
You headbutt the orc knight, but do no damage.
The orc knight is severely wounded.
The orc knight hits you with a great sword!!
You die...

'________________________'../)..[
▓▓▓▓▓▓▓▓▓▓▓▓▓▓▓▓▓▓▓▓▓▓▓▓▓▓▓▓▓▓▓▓▓
.................................
▓▓▓▓▓▓▓▓▓▓▓▓▓▓▓▓▓▓▓▓▓▓▓▓▓▓▓▓▓▓▓▓▓
.....††........'†††...†††'.......
▓▓▓▓▓▓▓▓▓▓▓▓▓▓▓▓▓▓▓▓▓▓▓▓▓▓▓▓▓▓▓▓▓
.................).(((...........
▓▓▓▓▓▓▓▓▓▓▓▓▓▓▓▓▓▓▓▓▓▓▓▓▓▓▓▓▓▓▓▓▓
))))(.)....'))))@oooooo.
▓▓▓▓▓▓▓▓▓▓▓▓▓▓▓▓▓▓▓▓▓▓▓▓


You could see 2 orc knights, 2 orc warriors and 2 orc wizards.

Vanquished Creatures
  A dire elephant (D)
  Harold (D)
  2 orc knights (D)
  7 elephants (D)
  A spiny frog (D)
  A wind drake (shapeshifter) (D)
  A slime creature (D)
  2 polar bears (D)
  A hippogriff (D)
  2 yaks (D)
  A basilisk (D)
  3 water moccasins (D)
  2 porcupines (D)
  7 orc warriors (D)
  A black bear (D)
  A necrophage (D)
  2 crocodiles (D)
  7 bullfrogs (D)
  A wight (D)
  A howler monkey (D)
  A hound (D)
  A jelly (D)
  5 orc priests (D)
  An iguana (D)
  5 orc wizards (D)
  A worker ant (D)
  An adder (D)
  2 orcs (D)
  A bat (D)
  A bat skeleton (D)
  2 goblins (D)
  A frilled lizard (D)
  A kobold (D)
68 creatures vanquished.

Notes
Turn   | Place    | Note
-------+----------+-------------------------------------------
     0 | D        | potatolord6000 the Minotaur Fighter began the quest for the Orb.
     0 | D        | Reached XP level 1. HP: 19/19 MP: 0/0
    21 | D        | Noticed a jelly
    21 | D        | Noticed an orc priest
    21 | D        | Noticed a howler monkey
    23 | D        | Killed a jelly
    23 | D        | Reached skill level 5 in Fighting
    23 | D        | Reached skill level 5 in Armour
    23 | D        | Reached skill level 5 in Shields
    23 | D        | Reached XP level 2. HP: 29/29 MP: 1/1
    23 | D        | Reached XP level 3. HP: 36/36 MP: 2/2
    29 | D        | Reached skill level 5 in Axes
    33 | D        | Reached XP level 4. HP: 15/44 MP: 3/3
    41 | D        | Found a roughly hewn altar of Beogh.
    41 | D        | Found a snail-covered altar of Cheibriados.
    41 | D        | Found a shadowy altar of Dithmenos.
    41 | D        | Found a white marble altar of Elyvilon.
    41 | D        | Found a blossoming altar of Fedhas.
    41 | D        | Found an opulent altar of Gozag.
    42 | D        | Found a hazy altar of Hepliaklqana.
    43 | D        | Found a viscous altar of Jiyva.
    44 | D        | Found an ancient bone altar of Kikubaaqudgha.
    45 | D        | Became a worshipper of Cheibriados the Contemplative
    46 | D        | Found a corrupted altar of Lugonu.
    47 | D        | Found a burning altar of Makhleb.
    48 | D        | Found a sparkling altar of Nemelex Xobeh.
    49 | D        | Found an iron altar of Okawaru.
    50 | D        | Found a stormy altar of Qazlal.
    51 | D        | Found a sacrificial altar of Ru.
    52 | D        | Found a deep blue altar of Sif Muna.
    53 | D        | Found a bloodstained altar of Trog.
    54 | D        | Found a hide-covered altar of Uskayaw.
    55 | D        | Found a radiant altar of Vehumet.
    56 | D        | Found an ornate altar of the Wu Jian Council.
    57 | D        | Found a shimmering altar of Xom.
    58 | D        | Found a basalt altar of Yredelemnul.
    59 | D        | Found a glowing silver altar of Zin.
    60 | D        | Found a glowing golden altar of the Shining One.
    80 | D        | Got the +1 broad axe of Embarrassment {chop, +Fly rN+ Str+3 Int+3}
   230 | D        | Noticed a bullfrog
   230 | D        | Noticed a black bear
   230 | D        | Noticed a bullfrog
   230 | D        | Noticed a bullfrog
   230 | D        | Noticed a necrophage
   231 | D        | Killed a bullfrog
   231 | D        | Reached XP level 5. HP: 52/52 MP: 4/4
   234 | D        | Reached * piety under Cheibriados
   237 | D        | Killed a black bear
   237 | D        | Reached XP level 6. HP: 61/62 MP: 5/5
   238 | D        | Reached ** piety under Cheibriados
   241 | D        | Reached *** piety under Cheibriados
   349 | D        | Noticed an orc warrior
   349 | D        | Noticed a slime creature
   349 | D        | Noticed a spriggan
   349 | D        | Noticed a spiny frog
   349 | D        | a spriggan changed into a spiny frog
   350 | D        | Reached XP level 7. HP: 71/71 MP: 6/6
   352 | D        | Reached **** piety under Cheibriados
   352 | D        | Reached skill level 10 in Fighting
   352 | D        | Reached skill level 10 in Armour
   352 | D        | Reached skill level 10 in Shields
   356 | D        | Noticed a troll
   356 | D        | a spiny frog changed into a troll
   357 | D        | Killed a slime creature
   357 | D        | Reached skill level 10 in Axes
   357 | D        | Noticed a wind drake
   357 | D        | a troll changed into a wind drake
   364 | D        | Killed a wind drake
   364 | D        | Reached ***** piety under Cheibriados
   364 | D        | Reached XP level 8. HP: 57/82 MP: 7/7
   579 | D        | Noticed a hippogriff
   581 | D        | Killed a hippogriff
   587 | D        | Reached ****** piety under Cheibriados
   706 | D        | Noticed a spiny frog
   706 | D        | Noticed a polar bear
   706 | D        | Noticed a polar bear
   708 | D        | Killed a spiny frog
   708 | D        | Reached XP level 9. HP: 90/92 MP: 8/8
   713 | D        | Killed a polar bear
   724 | D        | Killed a polar bear
   815 | D        | Noticed an elephant
   815 | D        | Noticed an elephant
   815 | D        | Noticed a dire elephant
   815 | D        | Noticed an elephant
   815 | D        | Noticed an elephant
   815 | D        | Noticed an elephant
   819 | D        | Killed an elephant
   828 | D        | Killed a dire elephant
   828 | D        | Reached XP level 10. HP: 83/104 MP: 9/9
   831 | D        | Noticed an elephant
   832 | D        | Killed an elephant
   835 | D        | Killed an elephant
   840 | D        | Killed an elephant
   844 | D        | Killed an elephant
   847 | D        | Killed an elephant
   847 | D        | Reached skill level 15 in Fighting
   847 | D        | Reached skill level 15 in Armour
   847 | D        | Reached skill level 15 in Shields
   852 | D        | Noticed an elephant
   856 | D        | Killed an elephant
   930 | D        | Noticed Harold
   944 | D        | Killed Harold
   944 | D        | Reached skill level 15 in Axes
  1261 | D        | Noticed an orc knight
  1261 | D        | Noticed an orc knight
  1266 | D        | Killed an orc knight
  1266 | D        | Reached XP level 11. HP: 114/114 MP: 10/10
  1267 | D        | Noticed an orc knight
  1268 | D        | Noticed an orc knight
  1276 | D        | Killed an orc knight
  1286 | D        | Slain by an orc knight

Vault maps used:
D:        linesprint

Skill      XL: |  1  2  3  4  5  6  7  8  9 10 11 |
---------------+----------------------------------+-----
Fighting       | 5 6 7 8 9 11 12 14 15 16 | 16.0
Shields        | 5 7 8 9 11 12 14 15 16 | 16.0
Armour         | 5 7 8 9 11 12 14 15 | 15.9
Axes           | 4 5 6 7 9 10 12 14 15 | 15.7

Action                   |  1- 3 |  4- 6 |  7- 9 | 10-12 || total
-------------------------+-------+-------+-------+-------++-------
Melee: War axe           |    21 |     2 |       |       ||    23
       Headbutt          |     2 |     7 |    21 |    34 ||    64
       Broad axe         |       |    12 |    61 |    67 ||   140
  Use: Potion            |     1 |       |       |     1 ||     2
       Scroll            |       |       |     1 |       ||     1
 Stab: Invisible         |       |       |       |     7 ||     7
  Eat: Meat ration       |       |       |       |     2 ||     2
Armor: Scale mail        |     8 |     3 |    17 |    10 ||    38
Dodge: Dodged            |     4 |     3 |    18 |     3 ||    28
Block: Shield            |     8 |    11 |    36 |    51 ||   106

Table legend:
 A = Spawn XP
 B = Non-spawn XP
 C = Spawn XP percentage of total XP
 D = Spawn monster count
 E = Non-spawn monster count
 F = Spawn count percentage of total count
 G = Total turns spent on level
                    A         B        C        D         E        F      G
               +---------+---------+-------+---------+---------+-------+---------
         Total |       0 |   12465 |   0.0 |       0 |      68 |   0.0 |  1286
               +---------+---------+-------+---------+---------+-------+---------
             D |       0 |   12465 |   0.0 |       0 |      68 |   0.0 |  1286
               +---------+---------+-------+---------+---------+-------+---------
